 Dungeon Crawl Stone Soup version 0.17.0-28-g6e173f8 (webtiles) character file.

6412 homeworkjunkie the Covert (level 10, -3/51 HPs)
             Began as a Spriggan Assassin on Nov 30, 2015.
             Was a High Priest of Okawaru.
             Slain by an orc warrior
             ... wielding a +0 glaive
              (30 damage)
             ... on level 2 of the Orcish Mines.
             The game lasted 00:34:42 (13487 turns).

homeworkjunkie the Covert (Spriggan Assassin)      Turns: 13487, Time: 00:34:42

Health: -3/51      AC:  5    Str:  7    XL:     10   Next: 66%
Magic:  15/15      EV: 28    Int: 18    God:    Okawaru [*****.]
Gold:   963        SH:  0    Dex: 21    Spells: 0 memorised, 9 levels left

rFire  . . .     SeeInvis +     a - +2 short sword (venom)
rCold  . . .     Clarity  .     t - +1 robe {rN+}
rNeg   + . .     SustAt   .     (shield restricted)
rPois  .         Gourm    .     (helmet restricted)
rElec  .         Spirit   .     i - +1 cloak
rCorr  .         Warding  .     (gloves unavailable)
rMut   .         Stasis   .     (boots unavailable)
MR     +++..                    u - amulet of faith
Stlth  ++++++....               l - +5 ring of intelligence
                                r - ring of protection from magic

@: very quick, extremely resistant to hostile enchantments, very stealthy
A: unfitting armour, see invisible, herbivore 3, speed 3, magic resistance 1,
slow metabolism 2
a: Heroism, Finesse, Renounce Religion


You were on level 2 of the Orcish Mines.
You worshipped Okawaru.
Okawaru was extremely pleased with you.
You were not hungry.

You visited 3 branches of the dungeon, and saw 15 of its levels.
You also visited: Ossuary.

You collected 1171 gold pieces.
You spent 208 gold pieces at shops.

Inventory:

Hand Weapons
 a - a +2 short sword of venom (weapon)
 b - a +0 blowgun
 k - a +0 short sword of protection
 q - a +0 hunting sling
Missiles
 d - 4 tomahawks of returning
 f - 4 curare-tipped needles
 j - 9 sling bullets of flame
 p - 4 sling bullets of frost
 v - 23 tomahawks (quivered)
 C - 2 sling bullets
 E - 26 poisoned needles
Armour
 i - a +1 cloak (worn)
 t - a +1 robe of positive energy (worn)
Jewellery
 l - a +5 ring of intelligence (right hand)
 r - a ring of protection from magic (left hand)
 u - an amulet of faith (around neck)
Wands
 c - a wand of lightning (1)
 o - a wand of fireball (0)
 s - a wand of confusion (0)
Scrolls
 e - 2 scrolls of enchant armour
 h - 3 scrolls of remove curse
 w - 3 scrolls of immolation
 y - 2 scrolls of teleportation
 D - 3 scrolls of enchant weapon
 F - 2 scrolls of identify
Potions
 m - a potion of curing
 n - a potion of haste
 x - 2 potions of magic {unknown}
 z - 3 potions of flight
 A - 5 potions of mutation
Comestibles
 g - 6 bread rations
 B - 4 slices of pizza


   Skills:
 * Level 4.5 Fighting
 * Level 5.7 Short Blades
 * Level 7.9(9.6) Slings
 * Level 7.1(8.3) Throwing
 * Level 9.9 Dodging
 * Level 12.1 Stealth
 * Level 6.5 Evocations


You had 9 spell levels left.
You didn't know any spells.

Dungeon Overview and Level Annotations

Branches:
Dungeon (10/15)            Temple (1/1) D:6             Orc (4/4) D:9
   Lair: D:8-11         Elf: Orc:3-4

Altars:
Ashenzari
Cheibriados
Dithmenos
Elyvilon
Fedhas
Gozag
Kikubaaqudgha
Makhleb
Nemelex Xobeh
Okawaru
Qazlal
Ru
Sif Muna
Trog
Vehumet
Xom
Yredelemnul
Zin
The Shining One

Shops:
Orc:2 ?   Orc:3 =


Innate Abilities, Weirdness & Mutations

You are tiny and cannot use many weapons and most armour.
You have supernaturally acute eyesight.
You are a herbivore.
You cover ground extremely quickly.
You need consume almost no food.
You are resistant to hostile enchantments.


Message History

The orc warrior is moderately wounded.
The orc warrior completely misses you.
You hit the orc warrior but do no damage.
The orc warrior is heavily wounded.
The orc completely misses you. The orc warrior completely misses you.
You hit the orc warrior.
The orc warrior is heavily wounded.
The orc completely misses you.
You closely miss the orc warrior.
The orc warrior is heavily wounded.
The orc warrior hits you with a glaive!!
The orc completely misses you.
You hit the orc warrior but do no damage.
The orc warrior is severely wounded.
The orc misses you.
You hit the orc warrior but do no damage.
The orc warrior is severely wounded.
The orc warrior hits you with a glaive!!
Ouch! That really hurt!
You die...

#### ###..## ##.....#
#.....## ####.#...#
##.#.###.## ###......#.##
### ##.......[.[.####.##
#....#...)@o##.....##
##...#...)#o#.......#####
##.#....#).....##.#..#.##
####....#....####......#
##.......#).####....#.##
##....†))#...#.##.....####
#......................#.#
##..........#.............
#........>........#.##...#


You could see an orc warrior and an orc.

Vanquished Creatures
  The ghost of Nicoed the Changer, a novice DrTm of Makhleb (D:8)
  2 trolls
  A human (D:7)
  A wyvern (D:8)
  A hungry ghost (D:8)
  The ghost of septik the Poker, an amateur MfIE of Okawaru (D:3)
  A steam dragon (D:9)
  A black bear (D:10)
  9 orc warriors
  3 sky beasts
  3 ogres
  3 centaurs
  A necrophage (D:8)
  2 phantoms
  7 giant frogs
  A wyvern skeleton (D:9)
  5 scorpions
  3 hounds
  A human zombie (Ossuary)
  4 crimson imps
  3 iguanas (D:8)
  12 orc priests
  A gnoll shaman (D:8)
  A centaur zombie (D:8)
  A centaur skeleton (D:4)
  2 giant frog skeletons
  6 worker ants
  4 sheep (D:7)
  13 orc wizards
  2 killer bee zombies
  A big kobold zombie (Ossuary)
  2 hound zombies
  6 mummies (Ossuary)
  2 hound skeletons
  Robin (D:2)
  13 gnolls
  10 adders
  2 shadow imps
  An ooze (D:1)
  2 worms
  2 giant geckos
  98 orcs
  4 giant cockroaches (D:6)
  3 gnoll zombies
  13 goblins
  9 hobgoblins
  2 jackals (D:2)
  3 bats
  9 giant newts
  A goblin zombie (Ossuary)
  2 hobgoblin zombies (Ossuary)
  A jackal skeleton (D:4)
  4 kobolds
  2 kobold zombies (Ossuary)
  5 quokkas
  8 rats
302 creatures vanquished.

Vanquished Creatures (others)
  An orc (Orc:1)
  A kobold (D:2)
2 creatures vanquished.

Grand Total: 304 creatures vanquished

Notes
Turn   | Place    | Note
--------------------------------------------------------------
     0 | D:1      | homeworkjunkie the Spriggan Assassin began the quest for the Orb.
     0 | D:1      | Reached XP level 1. HP: 10/10 MP: 2/2
    63 | D:1      | Reached skill level 6 in Stealth
   366 | D:1      | Reached XP level 2. HP: 12/14 MP: 3/3
   761 | D:2      | Reached XP level 3. HP: 18/18 MP: 4/4
   784 | D:2      | Noticed Robin
   800 | D:2      | Killed Robin
   800 | D:2      | Reached skill level 7 in Stealth
   964 | D:2      | Found a white marble altar of Elyvilon.
  1098 | D:2      | Reached XP level 4. HP: 17/23 MP: 5/5
  1161 | D:2      | Found a shadowy altar of Dithmenos.
  1574 | D:3      | Found a faded altar to an unknown god.
  1575 | D:3      | Noticed a giant frog
  1595 | D:3      | Found a stormy altar of Qazlal.
  1598 | D:3      | Killed a giant frog
  1598 | D:3      | Reached XP level 5. HP: 26/26 MP: 6/6
  1709 | D:3      | Noticed septik's ghost (amateur MfIE)
  1805 | D:3      | Gained mutation: You are resistant to hostile enchantments. [potion of beneficial mutation]
  1811 | D:3      | Killed septik's ghost
  1811 | D:3      | Reached skill level 8 in Stealth
  1811 | D:3      | Reached skill level 1 in Evocations
  1811 | D:3      | Reached XP level 6. HP: 19/30 MP: 6/8
  2855 | D:5      | Entered Level 5 of the Dungeon
  2968 | D:4      | Found a basalt altar of Yredelemnul.
  3246 | D:4      | Reached skill level 9 in Stealth
  3338 | D:5      | Found a shimmering altar of Xom.
  3344 | D:5      | Reached XP level 7. HP: 33/35 MP: 9/9
  3843 | D:6      | Found a staircase to the Ecumenical Temple.
  3850 | Temple   | Entered the Ecumenical Temple
  3908 | Temple   | Became a worshipper of Warmaster Okawaru
  3984 | D:7      | Reached skill level 1 in Slings
  4056 | D:7      | Reached skill level 5 in Dodging
  4152 | D:7      | Reached skill level 10 in Stealth
  4189 | D:7      | Found a sand-covered staircase.
  4195 | Ossuary  | Entered an ossuary
  4369 | Ossuary  | Reached * piety under Okawaru
  4680 | Ossuary  | Reached XP level 8. HP: 37/39 MP: 11/11
  4848 | D:7      | Noticed a human
  4866 | D:7      | Killed a human
  5431 | D:6      | Reached ** piety under Okawaru
  5550 | D:6      | Found a blossoming altar of Fedhas.
  5732 | D:6      | Found an iron altar of Okawaru.
  5862 | D:6      | Reached skill level 5 in Throwing
  6289 | D:5      | Found a sparkling altar of Nemelex Xobeh.
  6525 | D:6      | Identified a scroll of acquirement
  6673 | D:7      | Reached XP level 9. HP: 33/44 MP: 13/13
  6701 | D:7      | Reached *** piety under Okawaru
  7366 | D:8      | Reached skill level 5 in Slings
  7402 | D:8      | Reached skill level 11 in Stealth
  7574 | D:8      | Noticed Nicoed's ghost (novice DrTm)
  8195 | D:8      | Killed Nicoed's ghost
  8195 | D:8      | Reached **** piety under Okawaru
  8195 | D:8      | Reached skill level 5 in Short Blades
  8361 | D:8      | Found a radiant altar of Vehumet.
  8472 | D:8      | Reached skill level 5 in Evocations
  8586 | D:9      | Found a staircase to the Orcish Mines.
  9205 | D:8      | Received a gift from Okawaru
  9313 | D:8      | Reached XP level 10. HP: 45/49 MP: 15/15
  9931 | D:10     | Entered Level 10 of the Dungeon
  9993 | D:9      | Reached ***** piety under Okawaru
 10334 | D:10     | Received a gift from Okawaru
 10472 | Orc:1    | Entered Level 1 of the Orcish Mines
 11707 | Orc:1    | Received a gift from Okawaru
 12226 | Orc:2    | Reached skill level 12 in Stealth
 12252 | Orc:2    | Received a gift from Okawaru
 12610 | Orc:4    | Entered Level 4 of the Orcish Mines
 12934 | Orc:3    | Received a gift from Okawaru
 12962 | Orc:3    | Found Veucauf's Jewellery Shoppe.
 13112 | Orc:2    | Found Senefios's Magic Scroll Shoppe.
 13120 | Orc:2    | Bought a scroll of enchant weapon for 82 gold pieces
 13120 | Orc:2    | Bought a scroll of enchant weapon for 82 gold pieces
 13120 | Orc:2    | Bought a scroll of identify for 22 gold pieces
 13120 | Orc:2    | Bought a scroll of identify for 22 gold pieces
 13487 | Orc:2    | Slain by an orc warrior

Action                   |  1- 3 |  4- 6 |  7- 9 | 10-12 || total
-------------------------+-------+-------+-------+-------++-------
Melee: Dagger            |    81 |    93 |   443 |   157 ||   774
       Short sword       |       |       |       |   163 ||   163
 Fire: Blowgun           |    29 |    23 |   122 |   107 ||   281
       Hunting sling     |       |     5 |   272 |   119 ||   396
Throw: Tomahawk          |       |       |    25 |    19 ||    44
Evoke: Wand              |       |     2 |     9 |     5 ||    16
  Use: Scroll            |       |    11 |    11 |     1 ||    23
       Potion            |       |     5 |    10 |     1 ||    16
 Stab: Sleeping          |    10 |    15 |    13 |    10 ||    48
       Distracted        |       |     1 |     4 |     1 ||     6
       Invisible         |       |       |       |     7 ||     7
  Eat: Pizza             |       |       |     3 |     2 ||     5
       Bread ration      |       |       |     1 |       ||     1
       Fruit             |       |       |       |     4 ||     4
